 Dungeon Crawl Stone Soup version 0.30-a0-1123-gabc949cf19 (webtiles) character file.

Game seed: 13289308616062921263

126 Arzdou the Trooper (level 5, 55/55 HPs)
             Began as an Ogre Cinder Acolyte on Apr 22, 2023.
             Was a High Priest of Ignis.
             Quit the game on level 3 of the Dungeon.
             The game lasted 00:04:18 (2759 turns).

Arzdou the Trooper (Ogre Cinder Acolyte)            Turns: 2759, Time: 00:04:18

Health: 55/55      AC:  3    Str: 18    XL:     5   Next: 10%
Magic:  8/8        EV:  9    Int: 17    God:    Ignis [*****.]
Gold:   86         SH:  5    Dex:  4    Spells: 6/8 levels left

rFire   + . .        a - -1 spear (flame)
rCold   . . .        (no shield)
rNeg    . . .        b - +0 robe
rPois   .            (helmet restricted)
rElec   .            (no cloak)
rCorr   .            (gloves unavailable)
SInv    .            (boots unavailable)
Will    +....        o - amulet of reflection
Stlth   +            i - ring of willpower
HPRegen 0.29/turn    j - ring of wizardry
MPRegen 0.11/turn

%: reflection, wizardry (x1)
@: no status effects
A: large, unfitting armour, tough skin 1
a: Renounce Religion, Fiery Armour, Foxfire Swarm, Rising Flame


You were on level 3 of the Dungeon.
You worshipped Ignis.
Ignis was extremely pleased with you.
You visited 1 branch of the dungeon, and saw 3 of its levels.

You collected 86 gold pieces.

Inventory:

Hand Weapons
 a - a -1 spear of flaming (weapon)
Armour
 b - a +0 robe (worn)
Jewellery
 i - a ring of willpower (left hand)
 j - a ring of wizardry (right hand)
 o - an amulet of reflection (around neck)
 p - a ring of wizardry
Scrolls
 c - a scroll of amnesia {unknown}
 d - 2 scrolls of noise {unknown}
 e - 2 scrolls of blinking {unknown}
 f - a scroll of magic mapping {unknown}
 h - a scroll of fog {unknown}
 k - 2 scrolls of teleportation {unknown}
 l - a scroll of torment {unknown}
 n - a scroll of vulnerability {unknown}
Potions
 g - 2 potions of heal wounds {unknown}
 m - a potion of flight {unknown}


   Skills:
 + Level 4.6 Fighting
 + Level 3.4 Polearms
 + Level 0.1 Dodging
 + Level 2.2 Spellcasting
 * Level 4.1 Fire Magic
 * Level 0.2 Ice Magic


You had 6 spell levels left.
You knew the following spells:

 Your Spells              Type           Power      Damage    Failure   Level
a - Scorch                Fire           32%        2d6       2%          2

Your spell library contained the following spells:

 Spells                   Type           Power      Damage    Failure   Level
 Call Imp                 Summ           2%         N/A       12%         2
 Cigotuvi's Dreadful Rot  Necr/Pois/Air  2%         N/A       12%         2
 Ignite Poison            Fire/Tmut/Pois 6%         N/A       13%         3
 Ozocubu's Armour         Ice            2%         N/A       21%         3
 Summon Ice Beast         Ice/Summ       2%         N/A       54%         4
 Dispel Undead            Necr           1%         3d6       56%         4
 Metabolic Englaciation   Hex/Ice        1%         N/A       86%         5
 Death Channel            Necr           0%         N/A       100%        6
 Simulacrum               Ice/Necr       1%         N/A       100%        6
 Summon Cactus Giant      Summ           0%         N/A       100%        6


Dungeon Overview and Level Annotations

Branches:
Dungeon (3/15)

Altars:


Innate Abilities, Weirdness & Mutations

You are too large for most types of armour.
You have tough skin. (AC +1)


Message History

An endoplasm is nearby!
You hit the endoplasm. You burn the endoplasm.
You kill the endoplasm!
You have reached level 5!
A frilled lizard comes into view.
Found a stone staircase leading down.
Flames lash the frilled lizard.
You kill the frilled lizard!
A ball python comes into view.
A ball python is nearby!
Found 11 gold pieces.
Found a stone staircase leading up.
Flames lash the ball python.
You kill the ball python!
You now have 86 gold pieces (gained 11).
There is a stone staircase leading up here.
An adder comes into view.
The adder hisses angrily.
Flames lash the adder.
The adder is lightly wounded.
The adder's fire resistance burns away.
The adder bites you.
An adder is nearby!
Flames lash the adder.
The adder is burned terribly!
The adder is severely wounded.
The adder closely misses you. The adder completely misses you.
Flames lash the adder.
The adder is burned terribly!
You kill the adder!
HP restored.
An orc comes into view. It is wielding a +0 whip.
Saving game... please wait.
Welcome back, Arzdou the Ogre Cinder Acolyte.
The flames of Ignis gently warm you.
Press ? for a list of commands and other information.
Unknown command.
Okay, then.
Are you sure you want to abandon this character and quit the game? (Confirm with "yes".)
Okay, then.
Unknown command.
Are you sure you want to abandon this character and quit the game? (Confirm with "yes".)
Okay, then.
Are you sure you want to abandon this character and quit the game? (Confirm with "yes".)

#.........#
#########.#
.# #.# o#
#.# .# #.#
.# #.# .#
#.# .#
#.##.###
#..@...#
####.#.# .#
.# .# .. ##


You could see an orc.

Vanquished Creatures
  Robin (D:2)
  4 adders
  A worm (D:2)
  7 endoplasms
  3 giant cockroaches
  6 goblins
  15 hobgoblins
  4 jackals (D:3)
  6 kobolds
  3 quokkas
  5 ball pythons
  7 bats
  2 frilled lizards (D:3)
  3 rats
67 creatures vanquished.

Vanquished Creatures (others)
  2 plants (D:1)
2 creatures vanquished.

Grand Total: 69 creatures vanquished

Notes
Turn   | Place    | Note
-------+----------+-------------------------------------------
     0 | D:1      | Arzdou the Ogre Cinder Acolyte began the quest for the Orb.
     0 | D:1      | Reached XP level 1. HP: 24/24 MP: 2/2
    15 | D:1      | Got the Octavo of Mutated Formation
    51 | D:1      | Reached XP level 2. HP: 32/32 MP: 3/3
    54 | D:1      | Learned a level 2 spell: Scorch
   430 | D:1      | Reached XP level 3. HP: 39/40 MP: 1/5
   721 | D:1      | Found a faded altar of an unknown god.
  1074 | D:2      | Noticed Robin
  1141 | D:2      | Killed Robin
  1153 | D:2      | Reached XP level 4. HP: 45/49 MP: 2/6
  2522 | D:3      | Reached XP level 5. HP: 55/55 MP: 5/8
  2759 | D:3      | Quit the game

Illustrated notes

Levels and vault maps discovered:
D:1:      sevenhm_arrival_forest_fort_small_6, layout_loops_ring, serial_bayou,
          serial_bayou_crossing, serial_bayou_pond_d, serial_bayou_pond_e,
          serial_bayou_pond_e, hellmonk_ecumenical_altar_leap_of_faith
D:2:      layout_basic, uniq_robin
D:3:      layout_loops_ring, eino_curves_02

Skill      XL: |  1  2  3  4 |
---------------+-------------+-----
Fire Magic     | 3 4 |  4.1
Spellcasting   | 2 |  2.2
Fighting       | |  4.6
Polearms       | |  3.4
Dodging        | |  0.1
Ice Magic      | |  0.2

Action                     |  1- 3 |  4- 6 || total
---------------------------+-------+-------++-------
  Melee: Spear             |    89 |    21 ||   110
         Punch             |     1 |       ||     1
   Cast: Scorch            |    18 |    35 ||    53
 Armour: Robe              |    19 |     8 ||    27
  Dodge: Dodged            |    21 |     4 ||    25
  Block: Other             |       |     1 ||     1

Table legend: (Time is in decaauts)
 A = Elapsed time spent in this place.
 B = Non-inter-level travel time spent in this place.
 C = Inter-level travel time spent in this place.
 D = Time resting spent in this place.
 E = Time spent auto-exploring this place.
 F = Levels seen in this place.
 G = Mean time per level.
                   A        B        C        D        E       F      G
               +--------+--------+--------+--------+--------+-----+--------+
         Total |   2731 |   2647 |     84 |      0 |   2311 |   3 |  910.3 |
       Dungeon |   2731 |   2647 |     84 |      0 |   2311 |   3 |  910.3 |
               +--------+--------+--------+--------+--------+-----+--------+

Top non-repeatable levels by time:
     D:2: 1217 daAuts
     D:1: 998 daAuts
     D:3: 515 daAuts
